 Dungeon Crawl Stone Soup version 0.29-a0-664-gff9cad4a3d (webtiles) character file.

Game seed: 7424014893578090052

14 zeratav the Vexing (level 2, 0/14 HPs)
             Began as a Spriggan Arcane Marksman on June 22, 2022.
             Engulfed by a cloud of flame (14 damage)
             ... on level 1 of the Dungeon.
             The game lasted 00:00:37 (318 turns).

zeratav the Vexing (Spriggan Arcane Marksman)        Turns: 318, Time: 00:00:38

Health: 0/14       AC:  2    Str:  6    XL:     2   Next: 27%
Magic:  5/5        EV: 17    Int: 14    God:
Gold:   8          SH:  0    Dex: 15    Spells: 2/3 levels left

rFire   . . .      SeeInvis +   a - +0 shortbow {bow}
rCold   . . .      Faith    .   (shield currently unavailable)
rNeg    . . .      Spirit   .   b - +0 robe
rPois   .          Reflect  .   (helmet restricted)
rElec   .          Harm     .   (no cloak)
rCorr   .          Rampage  .   (gloves unavailable)
Will    .....                   (boots unavailable)
Stlth   +.........              (no amulet)
HPRegen 0.04/turn               (no ring)
MPRegen 0.09/turn               (no ring)

@: very quick
A: very small, no large weapons, unfitting armour, see invisible, speed 3
a: no special abilities


You were on level 1 of the Dungeon.
You visited 1 branch of the dungeon, and saw 1 of its levels.

You collected 8 gold pieces.


Innate Abilities, Weirdness & Mutations

You are very small and have problems with some larger weapons.
You are too small for most types of armour.
You have supernaturally acute eyesight. (SInv)
You cover ground extremely quickly. (Speed+++)


   Skills:
 - Level 0.7 Fighting
 + Level 3.6 Bows
 - Level 2.6 Dodging
 - Level 1.3 Spellcasting
 - Level 3.6 Hexes


You had 2 spell levels left.
You knew the following spells:

 Your Spells              Type           Power      Damage    Failure   Level
a - Slow                  Hex            44%        N/A       6%          1

Your spell library contained the following spells:

 Spells                   Type           Power      Damage    Failure   Level
 Inner Flame              Hex/Fire       6%         N/A       36%         3
 Portal Projectile        Hex/Tloc       12%        N/A       36%         3
 Cause Fear               Hex            5%         N/A       50%         4

Inventory:

Hand Weapons
 a - a +0 shortbow (weapon) {bow}
Armour
 b - a +0 robe (worn)
Scrolls
 c - 2 scrolls of vulnerability {!r!r}
 d - a scroll of immolation {unknown}
 g - a scroll of blinking {unknown}
Potions
 e - 2 potions of curing {unknown}
 f - a potion of mutation {unknown}

Dungeon Overview and Level Annotations

Branches:
Dungeon (1/15) Zot: 5782

Altars:

####...## §☼.)...§ ...)(.
#....... .[.?. ###......# #.†.#
.........# #☼°§# ###......# #§§☼#
..+......# #§○@# #.# ###......#
#...# ... #.## # #(.....# ##'##
##.#.. ....
###......######.####..#.# ..##
...##+#...........##..#.# #.##
...##†##......#.#.##..#.# #.##
##.##.##......#.#.##.##.# #.##
......##......#.#.##.##.######.##
...##.##......+..................


There were no monsters in sight!


Message History

The kobold shouts!
There are monsters nearby!
You shoot an arrow. The arrow hits the ball python!
You kill the ball python!
You shoot an arrow. The arrow misses the kobold.
You shoot an arrow. The arrow hits the kobold.
You shoot an arrow. The arrow hits the kobold!
You kill the kobold!
Your Bows skill increases to level 3!
No target in view!
No target in view!
Found a stone staircase leading down.
Things that are here:
a +0 short sword {short}; a kobold corpse You open the door.
There is an open door here.
You now have 8 gold pieces.
A kobold comes into view. It is wielding a +0 dagger.
A kobold is nearby!
A kobold is nearby!
You shoot an arrow. The arrow hits the kobold.
The kobold shouts!
You shoot an arrow. The arrow closely misses the kobold.
You shoot an arrow.
The arrow hits the kobold but does no damage.
The kobold completely misses you.
You shoot an arrow. The arrow completely misses the kobold.
The kobold closely misses you.
You shoot an arrow. The arrow completely misses the kobold.
The kobold closely misses you. The kobold misses you.
A kobold is nearby!
A kobold is nearby!
You shoot an arrow. The arrow hits the kobold.
You kill the kobold!
No target in view!
Things that are here:
a +0 dagger {short}; a kobold corpse
c - 2 scrolls of vulnerability {!r!r} (gained 1)
A ball python comes into view.
A ball python is nearby!
You shoot an arrow. The arrow hits the ball python.
You kill the ball python!
No target in view!
No target in view!
No target in view!
A ball python comes into view.
You shoot an arrow. The arrow hits the ball python!
You kill the ball python!
You have reached level 2!
HP[+5] MP[+2]
You now have 14 max hp (+5).
Your hp is fully restored (14).
Your mp is fully restored (5).
You open the door.
There is an open door here.
You see here a +0 robe.
A rat and a quokka come into view.
There are monsters nearby!
You shoot an arrow. The arrow misses the quokka.
A rat comes into view.
You shoot an arrow. The arrow hits the rat.
You kill the rat!
You shoot an arrow. The arrow hits the quokka.
You shoot an arrow. The arrow hits the quokka!
You kill the quokka!
You shoot an arrow. The arrow closely misses the rat.
You shoot an arrow. The arrow barely misses the rat.
You shoot an arrow. The arrow hits the rat.
You kill the rat!
No target in view!
No target in view!
g - a scroll labelled SATUALASIMP You see here a rat corpse.
You see here a quokka corpse.
You open the door.
There is an open door here.
A goblin comes into view. It is wielding a +0 club.
Unknown command.
You shoot an arrow. The arrow hits the goblin.
The goblin shouts!
You shoot an arrow. The arrow hits the goblin.
You kill the goblin!
No target in view!
There is an open door here.
A ball python comes into view.
You shoot an arrow.
The arrow closely misses the ball python.
You shoot an arrow.
The arrow closely misses the ball python.
You shoot an arrow. The arrow hits the ball python.
You shoot an arrow. The arrow hits the ball python!
You kill the ball python!
No target in view!
No target in view!
No target in view!
Really walk into a travel-excluded area?
Okay, then.
Really walk into a travel-excluded area?
You are engulfed in blazing flames.
Ouch! That really hurt!
You die...

Skill      XL: |  1 |
---------------+----+-----
Bows           | 3 |  3.6
Fighting       | |  0.7
Dodging        | |  2.6
Spellcasting   | |  1.3
Hexes          | |  3.6

Action                   || total
-------------------------++-------
 Fire: Shortbow          ||    27
Dodge: Dodged            ||     4

Levels and vault maps discovered:
D:1:      onia_arrival_pentagram, layout_basic, lemuel_flame_loot_1

Notes
Turn   | Place    | Note
-------+----------+-------------------------------------------
     0 | D:1      | zeratav the Spriggan Arcane Marksman began the quest for
                  | the Orb.
     0 | D:1      | Reached XP level 1. HP: 9/9 MP: 3/3
     0 | D:1      | magus.rc [v1.9.6]
    90 | D:1      | Reached skill level 3 in Bows
   212 | D:1      | Reached XP level 2. HP: 14/14 MP: 5/5
   318 | D:1      | Engulfed by a cloud of flame

Vanquished Creatures
  A giant cockroach (D:1)
  2 goblins (D:1)
  2 kobolds (D:1)
  A quokka (D:1)
  4 ball pythons (D:1)
  2 rats (D:1)
12 creatures vanquished.

Vanquished Creatures (others)
  An endoplasm (D:1)
1 creature vanquished.

Grand Total: 13 creatures vanquished

Table legend:
 A = Non-vault XP
 B = Vault XP
 C = Vault XP percentage of total XP
 D = Non-vault monster count
 E = Vault monster count
 F = Vault count percentage of total count
                 A         B        C        D         E       F
            +---------+---------+-------+---------+---------+-------
      Total |      20 |       0 |   0.0 |      12 |       0 |   0.0
            +---------+---------+-------+---------+---------+-------
        D:1 |      20 |       0 |   0.0 |      12 |       0 |   0.0
            +---------+---------+-------+---------+---------+-------

Illustrated notes

Table legend:
 A = Kills in this place as a percentage of kills in entire the game.
 B = Kills by you in this place as a percentage of kills by you in the entire game.
 C = Kills by friends in this place as a percentage of kills by friends in the entire game.
 D = Other kills in this place as a percentage of other kills in the entire game.
 E = Experience gained in this place as a percentage of experience gained in the entire game.
 F = Experience gained in this place divided by the number of levels of this place that you have seen.
                   A       B       C       D       E      F
               +-------+-------+-------+-------+-------+----------------------
         Total | 100.0 | 100.0 |   N/A |   N/A | 100.0 |  20.0
       Dungeon | 100.0 | 100.0 |   N/A |   N/A | 100.0 |  20.0
               +-------+-------+-------+-------+-------+----------------------

Table legend: (Time is in decaauts)
 A = Elapsed time spent in this place.
 B = Non-inter-level travel time spent in this place.
 C = Inter-level travel time spent in this place.
 D = Time resting spent in this place.
 E = Time spent auto-exploring this place.
 F = Levels seen in this place.
 G = Mean time per level.
                   A        B        C        D        E       F      G
               +--------+--------+--------+--------+--------+-----+--------+
         Total |    217 |    217 |      0 |      0 |    163 |   1 |  217.0 |
       Dungeon |    217 |    217 |      0 |      0 |    163 |   1 |  217.0 |
               +--------+--------+--------+--------+--------+-----+--------+

Top non-repeatable levels by time:
     D:1: 217 daAuts
